 Dungeon Crawl Stone Soup version 0.27.1-4-g1640c2035a (webtiles) character file.

Game seed: 9390195117417117274

68537 Iepvzaeh the Fencer (level 14, -1/129 HPs)
             Began as a Minotaur Berserker on Nov 2, 2021.
             Was a High Priest of Trog.
             Slain by a five-headed hydra (9 damage)
             ... on level 4 of the Lair of Beasts on Nov 3, 2021.
             The game lasted 02:16:42 (27739 turns).

Iepvzaeh the Fencer (Minotaur Berserker)           Turns: 27739, Time: 02:16:43

Health: -1/129     AC: 32    Str: 25    XL:     14   Next: 87%
Magic:  13/13      EV: 12    Int:  4    God:    Trog [*****.]
Gold:   1001       SH:  0    Dex: 18    Spells: 13/13 levels left

rFire    . . .     SeeInvis +   a - +6 scythe of Exquisite Death {vorpal, Stlth+}
rCold    . . .     Faith    .   (shield currently unavailable)
rNeg     . . .     Spirit   .   K - +4 crystal plate armour
rPois    +         Reflect  .   O - +2 hat
rElec    .         Harm     .   v - +0 cloak
rCorr    .         Rampage  .   e - +0 pair of gloves
Will     +....                  F - +0 pair of boots
Stlth    ..........             o - amulet of regeneration
HPRegen  1.31/turn              W - ring "Diusugg" {rPois EV+4}
MPRegen  0.13/turn              i - +6 ring of dexterity

@: on berserk cooldown, very slightly contaminated, hasted and slowed,
invisible, very slow
A: horns 2, retaliatory headbutt, see invisible
a: Renounce Religion, Berserk, Trog's Hand, Brothers in Arms


You were on level 4 of the Lair of Beasts.
You worshipped Trog.
Trog was extremely pleased with you.
You visited 6 branches of the dungeon, and saw 23 of its levels.
You also visited: Bailey.

You collected 1289 gold pieces.
You spent 288 gold pieces at shops.

Inventory:

Hand Weapons
 a - the +6 scythe of Exquisite Death (weapon) {vorpal, Stlth+}
   (You found it on level 4 of the Lair of Beasts)

   It inflicts extra damage upon your enemies.
   Stlth:     It makes you more stealthy.
 b - a +4 longbow of flaming
 r - a +1 eveningstar of holy wrath
 M - a +4 scimitar of flaming
 N - a +3 mace of freezing
 P - a +3 antimagic lajatang
 T - a +5 antimagic falchion
 U - a +2 demon blade of electrocution
Missiles
 h - 2 throwing nets
 m - 348 arrows
 n - 30 boomerangs (quivered)
 R - 6 silver javelins
Armour
 e - a +0 pair of gloves (worn)
 v - a +0 cloak (worn)
 F - a +0 pair of boots (worn)
 K - a +4 crystal plate armour (worn)
 O - a +2 hat (worn)
 S - a +0 kite shield of fire resistance
Jewellery
 c - a ring of protection from cold
 d - a ring of see invisible
 f - the amulet of Geblin {Reflect rElec Int+6 Dex+3 SH+5}
   (You acquired it on level 6 of the Dungeon)

   [amulet of reflection]

   It reflects blocked missile attacks.
   Int:       It affects your intelligence (+6).
   Dex:       It affects your dexterity (+3).
   rElec:     It insulates you from electricity.
   SH:        It affects your SH (+5).
 i - a +6 ring of dexterity (right hand)
 o - an amulet of regeneration (around neck)
 p - a ring of willpower
 D - a ring of protection from cold
 E - an amulet of reflection
 L - a ring of positive energy
 W - the ring "Diusugg" (left hand) {rPois EV+4}
   (You found it on level 9 of the Dungeon)

   [ring of evasion]

   EV:        It affects your evasion (+4).
   rPois:     It protects you from poison.
Wands
 j - a wand of mindburst (13)
 s - a wand of digging (5)
 B - a wand of iceblast (32)
 Q - a wand of paralysis (2)
 V - a wand of acid (8)
Scrolls
 t - 8 scrolls of teleportation
 w - 2 scrolls of blinking {unknown}
 x - a scroll of enchant armour
 A - 3 scrolls of magic mapping
 I - 3 scrolls of acquirement
 X - 3 scrolls of enchant weapon
 Y - 4 scrolls of silence
Potions
 k - 4 potions of lignification
 l - 2 potions of curing
 q - 2 potions of invisibility
 u - 10 potions of ambrosia
 z - 2 potions of might
 C - 2 potions of resistance
 H - a potion of flight
 J - 2 potions of haste
 Z - 2 potions of cancellation
Miscellaneous
 g - a tin of tremorstones (2/2)
 y - a lightning rod (4/4)
 G - a condenser vane (inert)


   Skills:
 + Level 13.0 Fighting
 - Level 3.2(10.4) Short Blades
 - Level 15.9(16.0) Long Blades
 + Level 4.6(7.4) Maces & Flails
 + Level 6.6(8.8) Polearms
 + Level 8.9(10.3) Staves
 - Level 0.3(1.7) Slings
 + Level 11.5 Bows
 - Level 2.5 Throwing
 + Level 12.5 Armour
 + Level 5.4 Dodging
 + Level 2.5 Stealth
 + Level 8.1 Shields
 - Level 0.1 Evocations


You had 13 spell levels left.
You didn't know any spells.
Your spell library was empty.

Dungeon Overview and Level Annotations

Branches:
Dungeon (15/15)            Temple (0/1) D:6            Lair (4/6) D:11
  Swamp (1/4) Lair:4        Snake (1/4) Lair:3          Orc (1/2) D:9
 Vaults (0/5) D:13         Depths (1/5) D:15         Bailey (visited)

Altars:
Cheibriados
Dithmenos
Fedhas
Gozag
Kikubaaqudgha
Makhleb
Okawaru
Qazlal
Ru
Trog
Vehumet
Wu Jian
Yredelemnul
Zin
The Shining One

Shops:
D:1 [**[   D:2 (   D:5 [   D:7 *   D:12 (

Annotations:
D:10 1 runed translucent door, kalagan's ghost, journeyman DECj
D:14 Roxanne


Innate Abilities, Weirdness & Mutations

You have a pair of horns on your head.
You reflexively headbutt those who attack you in melee.
You have supernaturally acute eyesight. (SInv)


Message History

You feel yourself speed up. The five-headed hydra bites you!
* * * LOW HITPOINT WARNING * * *
The five-headed hydra closely misses you.
The five-headed hydra bites you but does no damage. x2
The five-headed hydra bites you!
* * * LOW HITPOINT WARNING * * *
The five-headed hydra bites you but does no damage.
The five-headed hydra bites you.
* * * LOW HITPOINT WARNING * * *
The five-headed hydra bites you but does no damage.
The five-headed hydra barely misses you.
The five-headed hydra bites you.
* * * LOW HITPOINT WARNING * * *
Unknown command.
You enter the shallow water.
Moving in this stuff is going to be slow. ...and don't expect to remain undetected.
The five-headed hydra completely misses you.
The five-headed hydra bites you.
* * * LOW HITPOINT WARNING * * *
The five-headed hydra barely misses you.
The five-headed hydra bites you but does no damage.
The five-headed hydra bites you.
* * * LOW HITPOINT WARNING * * *
Unknown command.
Okay, then.
Okay, then.
Okay, then.
Okay, then.
Okay, then.
Press: ? - help, v - describe, . - travel
Here: a five-headed hydra A staircase to the Swamp, spattered with blood.
Okay, then.
Okay, then.
Okay, then.
You feel better.
The five-headed hydra bites you but does no damage.
The five-headed hydra bites you!
You die...

........P....####...#P.....PP.##
#P.....##..#.# #####.P...#..PP###
........#..#.###..#..............
#.......#..#........###...#...###
...........<.........#####....# #
................§≈§§..........#
#...>...#.....§§§§≈≈(..###.)..#
#......#####...§§D§§§.## #....##
.##....# ##..§§@§≈§.§# #P.P..#
.#.....####P..§§≈§§§§.## #..#.###
.....................#.###..#.# #
.........#.###............P...# #
##.......### ##...#######P..#>###
....<....### ###...###.###^...#..
#PP.....##.# #.#......[.........#
###P.......####....?##...#......#
##..###.)##.#..#..#......##....


You could see a five-headed hydra.

Vanquished Creatures
  Kirke (D:14)
  Agnes (D:13)
  Louise (D:15)
  A bunyip (Swamp:1)
  An ettin (D:14)
  Fannar (Lair:2)
  A boulder beetle (D:12)
  An ice dragon (D:14)
  Erica (D:8)
  3 hydras
  8 vault guards
  6 centaur warriors
  A catoblepas (D:13)
  3 two-headed ogres
  2 alligators (Swamp:1)
  3 tengu warriors
  Urug (D:11)
  6 death yaks (Lair:4)
  5 skeletal warriors (D:12)
  A wizard (D:15)
  A deep elf pyromancer (D:13)
  2 orc knights
  A necromancer (D:14)
  An oklob plant (Lair:4)
  7 ugly things
  3 cyclopes
  4 manticores
  6 elephants (Lair:4)
  A guardian serpent (Lair:3)
  A gargoyle (D:12)
  5 cane toads
  A freezing wraith (D:15)
  4 komodo dragons
  2 efreet (D:15)
  A kobold demonologist (D:11)
  3 tengu conjurers (D:14)
  A troll (D:13)
  A bloated husk (Swamp:1)
  3 meliai (Lair:4)
  A polar bear (Lair:4)
  A queen bee (Lair:4)
  A polar bear (shapeshifter) (D:15)
  9 slime creatures
  Prince Ribbit (D:8)
  15 blink frogs
  A centaur simulacrum (D:15)
  A wyvern (D:10)
  9 yaks
  3 shadows
  A water elemental (D:13)
  2 wraiths (D:12)
  A hog (D:14)
  12 vampire mosquitoes
  A steam dragon (D:6)
  Menkaure (D:7)
  2 swamp worms (Swamp:1)
  An acid dragon (D:10)
  6 water moccasins
  2 ice beasts
  A black bear (Lair:3)
  18 orc warriors
  A swamp drake (shapeshifter) (D:15)
  A necrophage (D:5)
  3 sky beasts
  4 boggarts (D:14)
  2 ogres
  13 centaurs
  A phantom (D:7)
  A kobold brigand (D:5)
  9 bullfrogs
  A gnoll sergeant (D:12)
  A wyvern skeleton (D:5)
  21 killer bees (Lair:4)
  A water moccasin skeleton (D:3)
  8 wights
  An electric eel (Lair:4)
  2 howler monkeys (D:9)
  3 centaur zombies
  3 hounds
  A jelly (D:7)
  11 orc priests
  2 centaur skeletons (D:7)
  2 iguanas
  12 orc wizards
  5 hell rats (Lair:4)
  2 killer bee zombies (D:9)
  A hound skeleton (D:5)
  2 howler monkey zombies
  9 adders
  19 gnolls
  A howler monkey skeleton (D:5)
  A shadow imp (D:6)
  A white imp (D:3)
  3 worms
  3 dart slugs
  60 orcs
  12 ball pythons
  7 bats
  4 endoplasms
  6 giant cockroaches
  12 goblins
  7 hobgoblins
  40 kobolds
  3 quokkas
  3 frilled lizards
  7 rats
  A bush (Lair:3)
499 creatures vanquished.

Vanquished Creatures (collateral kills)
  An orc knight (Bailey)
  A manticore (D:14)
  A hornet (shapeshifter) (D:14)
  3 hogs (D:14)
6 creatures vanquished.

Vanquished Creatures (others)
  Nessos (D:12)
  A cyclops (D:15)
  2 humans (D:14)
  A boggart (D:14)
  9 bushes (Lair:4)
  11 fungi
  18 plants
43 creatures vanquished.

Grand Total: 548 creatures vanquished

Notes
Turn   | Place    | Note
-------+----------+-------------------------------------------
     0 | D:1      | Iepvzaeh the Minotaur Berserker began the quest for the
                  | Orb.
     0 | D:1      | Reached XP level 1. HP: 19/19 MP: 0/0
   155 | D:1      | Found Irogh's Armour Boutique.
   168 | D:1      | Reached XP level 2. HP: 27/27 MP: 1/1
   408 | D:1      | Found a faded altar of an unknown god.
   478 | D:1      | Found Zasaisav's Assorted Antiques.
   566 | D:1      | Found Posomuj's Armour Shop.
   627 | D:1      | Found Jarofijo's General Store.
   635 | D:1      | Reached ** piety under Trog
   636 | D:1      | Reached XP level 3. HP: 34/34 MP: 2/2
   651 | D:1      | Bought a scroll of identify for 22 gold pieces
   661 | D:1      | Bought an emerald potion for 18 gold pieces
   661 | D:1      | Bought a ruby potion for 18 gold pieces
   832 | D:2      | Found a glowing silver altar of Zin.
   855 | D:2      | Found Nahealim's Antique Weapon Boutique.
  1245 | D:3      | Reached XP level 4. HP: 38/41 MP: 3/3
  1261 | D:3      | Reached skill level 5 in Polearms
  1651 | D:3      | Found a blossoming altar of Fedhas.
  1954 | D:3      | Reached XP level 5. HP: 47/47 MP: 4/4
  1982 | D:3      | Reached skill level 5 in Fighting
  2173 | D:4      | Reached *** piety under Trog
  2183 | D:3      | Reached skill level 1 in Stealth
  2283 | D:4      | Reached XP level 6. HP: 56/56 MP: 5/5
  2593 | D:5      | Entered Level 5 of the Dungeon
  2604 | D:5      | Reached skill level 1 in Throwing
  2643 | D:5      | Found a basalt altar of Yredelemnul.
  2704 | D:5      | Found a stormy altar of Qazlal.
  2730 | D:5      | Noticed an ice beast
  2746 | D:5      | Killed an ice beast
  2799 | D:5      | Found Xeiff's Armour Shop.
  2829 | D:5      | Reached skill level 1 in Bows
  2829 | D:5      | Reached XP level 7. HP: 59/62 MP: 6/6
  2867 | D:5      | Reached skill level 1 in Maces & Flails
  3184 | D:5      | Reached **** piety under Trog
  3403 | D:5      | Reached skill level 5 in Armour
  3853 | D:1      | Bought a scroll labelled EMEGHUFRENIRCH for 20 gold pieces
  3853 | D:1      | Bought a viscous pink potion for 18 gold pieces
  3853 | D:1      | Bought a viscous pink potion for 18 gold pieces
  3853 | D:1      | Bought a scroll labelled YNIJOTUCUWN for 20 gold pieces
  3853 | D:1      | Bought 2 bubbling white potions for 36 gold pieces
  3853 | D:1      | Bought a scroll of identify for 40 gold pieces
  3934 | D:5      | Reached XP level 8. HP: 58/71 MP: 7/7
  4027 | D:5      | Identified the +4 ring mail "Rukhlud" {Contam Dex+7}
  4079 | D:5      | Found a burning altar of Makhleb.
  4133 | D:5      | Found an ancient bone altar of Kikubaaqudgha.
  4359 | D:6      | Found an opulent altar of Gozag.
  4437 | D:6      | Reached skill level 1 in Short Blades
  4651 | D:6      | Reached skill level 5 in Bows
  4718 | D:6      | Reached ***** piety under Trog
  4987 | D:6      | Found an ornate altar of the Wu Jian Council.
  5027 | D:6      | Acquired the amulet of Geblin {Reflect rElec Int+6 Dex+3
                  | SH+5}
  5240 | D:6      | Found a staircase to the Ecumenical Temple.
  5775 | D:7      | Identified the +1 ring mail "Foic" {rPois rF+ rCorr Stlth+}
  5864 | D:7      | Reached XP level 9. HP: 72/78 MP: 8/8
  5905 | D:7      | Reached skill level 2 in Long Blades
  5969 | D:7      | Noticed Menkaure
  5986 | D:7      | Killed Menkaure
  6128 | D:7      | Found Unuoziyrch's Mayhem Merchandise.
  6749 | D:8      | Reached skill level 3 in Long Blades
  6752 | D:8      | Noticed Prince Ribbit
  6757 | D:8      | Killed Prince Ribbit
  7064 | D:8      | Reached skill level 4 in Long Blades
  7211 | D:8      | Noticed Erica
  7299 | D:8      | Found a radiant altar of Vehumet.
  7341 | D:8      | Found a glowing golden altar of the Shining One.
  7500 | D:9      | Reached XP level 10. HP: 72/88 MP: 9/9
  7615 | D:9      | Found a faded altar of an unknown god.
  7615 | D:9      | Found a faded altar of an unknown god.
  7623 | D:9      | Found a sacrificial altar of Ru.
  7625 | D:9      | Found a bloodstained altar of Trog.
  7627 | D:9      | Found a snail-covered altar of Cheibriados.
  7837 | D:9      | Received a gift from Trog
  7841 | D:9      | Reached skill level 5 in Long Blades
  7849 | D:9      | Reached skill level 5 in Dodging
  8176 | D:9      | Found a staircase to the Orcish Mines.
  8507 | D:9      | Noticed an eight-headed hydra
  8561 | D:10     | Entered Level 10 of the Dungeon
  8563 | D:10     | Noticed a cyclops
  8637 | D:9      | Identified the ring "Diusugg" {rPois EV+4}
  8730 | D:8      | Killed Erica
  8731 | D:8      | Reached skill level 6 in Long Blades
  8731 | D:8      | Reached skill level 1 in Shields
  9153 | D:10     | Found a runed translucent door.
  9153 | D:10     | Noticed kalagan's ghost (journeyman DECj)
  9191 | D:10     | Killed a cyclops
  9573 | D:10     | Found an iron altar of Okawaru.
 10025 | D:11     | Reached skill level 7 in Long Blades
 10085 | D:11     | Noticed a two-headed ogre
 10095 | D:11     | Noticed Urug
 10096 | D:11     | Killed a two-headed ogre
 10097 | D:11     | Reached skill level 8 in Long Blades
 10241 | D:11     | Noticed a two-headed ogre
 10250 | D:11     | Killed a two-headed ogre
 10251 | D:11     | Reached XP level 11. HP: 97/97 MP: 10/10
 10409 | D:11     | Found a flagged portal.
 10437 | Bailey   | Entered a bailey
 10547 | Bailey   | Noticed an orc knight
 10700 | Bailey   | Noticed an orc knight
 10709 | Bailey   | Killed an orc knight
 10732 | Bailey   | Killed an orc knight
 10856 | Bailey   | Gained mutation: You have supernaturally acute eyesight.
                  | (SInv) [mutagenic glow]
 11177 | D:11     | Killed Urug
 11178 | D:11     | Reached skill level 10 in Bows
 11690 | D:11     | Reached skill level 10 in Fighting
 11849 | D:11     | Reached skill level 9 in Long Blades
 12081 | D:11     | Found a staircase to the Lair.
 12113 | Lair:1   | Entered Level 1 of the Lair of Beasts
 12524 | Lair:1   | Noticed a seven-headed hydra
 12577 | D:12     | Noticed Nessos
 12583 | D:12     | Killed Nessos
 12760 | D:12     | Found Itesiola's Firing Range.
 12778 | D:12     | Bought a throwing net for 39 gold pieces
 12778 | D:12     | Bought a throwing net for 39 gold pieces
 12859 | D:12     | Noticed a red ugly thing
 12865 | D:12     | Killed a red ugly thing
 12894 | D:12     | Noticed a two-headed ogre
 12900 | D:12     | Killed a two-headed ogre
 12901 | D:12     | Reached skill level 10 in Long Blades
 13808 | D:13     | Noticed a skeletal warrior
 13808 | D:13     | Noticed a skeletal warrior
 13808 | D:13     | Noticed a skeletal warrior
 13845 | D:12     | Killed a skeletal warrior
 13849 | D:12     | Killed a skeletal warrior
 13855 | D:12     | Killed a skeletal warrior
 13856 | D:12     | Reached XP level 12. HP: 33/108 MP: 11/11
 14260 | D:12     | Reached skill level 11 in Long Blades
 15372 | D:13     | Noticed a vault guard
 15376 | D:13     | Noticed a centaur warrior
 15532 | D:13     | Noticed a boulder beetle
 15539 | D:12     | Killed a vault guard
 15601 | D:13     | Noticed a vault guard
 15602 | D:13     | Killed a centaur warrior
 15603 | D:13     | Reached skill level 12 in Long Blades
 15619 | D:12     | Killed a boulder beetle
 15923 | D:13     | Killed a vault guard
 15949 | D:13     | Noticed a centaur warrior
 15951 | D:13     | Noticed a vault guard
 16174 | D:13     | Noticed a vault guard
 16184 | D:12     | Killed a vault guard
 16218 | D:12     | Killed a vault guard
 16328 | D:13     | Reached skill level 13 in Long Blades
 16338 | D:13     | Killed a centaur warrior
 16339 | D:13     | Reached skill level 10 in Armour
 16416 | D:13     | Noticed a catoblepas
 16447 | D:13     | Killed a catoblepas
 16671 | D:13     | Noticed a vault guard
 16681 | D:13     | Killed a vault guard
 16717 | D:13     | Noticed a vault guard
 16741 | D:13     | Killed a vault guard
 16742 | D:13     | Reached XP level 13. HP: 100/116 MP: 12/12
 16849 | D:13     | Found a gate to the Vaults.
 17136 | D:13     | Reached skill level 14 in Long Blades
 17274 | D:13     | Reached skill level 5 in Shields
 17846 | D:14     | Noticed Agnes
 17866 | D:13     | Killed Agnes
 18718 | D:14     | Noticed Kirke
 18733 | D:14     | Killed Kirke
 18744 | D:14     | Identified Roxanne's Guide on Stones
 18744 | D:14     | Noticed Roxanne
 19402 | D:15     | Entered Level 15 of the Dungeon
 19404 | D:15     | Noticed an ettin
 19841 | D:14     | Killed an ettin
 20149 | D:15     | Found a staircase to the Depths.
 20157 | D:15     | Reached skill level 1 in Staves
 20158 | D:15     | Reached skill level 15 in Long Blades
 20459 | D:15     | Found a shadowy altar of Dithmenos.
 21401 | D:15     | Reached XP level 14. HP: 126/126 MP: 4/13
 22023 | D:15     | Noticed Louise
 22042 | D:15     | Killed Louise
 22354 | D:15     | Reached skill level 5 in Staves
 22564 | Depths:1 | Entered Level 1 of the Depths
 22564 | Depths:1 | Noticed a tengu reaver
 23171 | Lair:1   | You fall into a shaft and drop 1 floor!
 23790 | Lair:2   | Noticed Fannar
 23819 | Lair:2   | Killed Fannar
 24449 | Lair:3   | Found a staircase to the Snake Pit.
 24599 | Snake:1  | Entered Level 1 of the Snake Pit
 24801 | Orc:1    | Entered Level 1 of the Orcish Mines
 26053 | Lair:4   | Received a gift from Trog
 26340 | Lair:4   | Found a staircase to the Swamp.
 27052 | Lair:4   | Found a glowing silver altar of Zin.
 27489 | Lair:4   | Identified the +6 scythe of Exquisite Death {vorpal,
                  | Stlth+}
 27578 | Swamp:1  | Entered Level 1 of the Swamp
 27738 | Lair:4   | HP: 1/129 [five-headed hydra (6)]
 27739 | Lair:4   | Slain by a five-headed hydra

Illustrated notes

Levels and vault maps discovered:
D:1:      minmay_arrival_nine_rooms, layout_rooms, serial_shops, shop,
          nicolae_shop_statue_plus, shop_statue, nicolae_shop_window_shopping,
          shapermc_ecumenical_altar_mp_vishouse
D:2:      layout_basic, serial_shops, shop, basic_altar
D:3:      layout_loops_corners, lemuel_coloured_pillars_altar,
          kennysheep_generic_room_14
D:4:      layout_rooms
D:5:      minmay_goblin_kobold_castle, layout_cave_pools,
          nicolae_qazlal_general_emergency, yredelemnul_altar_generic,
          kennysheep_mini_moat, makhleb_blood_cavern_becter, serial_shops, shop
D:6:      layout_basic, nicolae_gozag_seed_capital,
          nicolae_wu_jian_glorious_leap, minmay_temple_entry_enclosed_plants
D:7:      layout_cave_pods, kennysheep_crisscross, serial_bayou_lagoon_a,
          minmay_shop_mayhem, uniq_menkaure
D:8:      layout_cave_pools, mainiacjoe_overflow_alcove_2,
          nicolae_vehumet_radiance, uniq_erica, uniq_prince_ribbit1
D:9:      layout_roguey, chequers_temple_overflow_minitemple, orc_0_dummy,
          minmay_variable_closet
D:10:     layout_basic, mainiacjoe_overflow_concentric_impassable,
          ebering_ghost_reflecting_pool
D:11:     layout_basic, lair_entry_dummy, enter_bailey_5, uniq_urug
D:12:     layout_gridville, nicolae_shop_firing_range, uniq_nessos
D:13:     layout_big_octagon, erik_vaults_2
D:14:     layout_cave_pools, dk_noncrumbling_4, portal_ice_cave_entry_dragon,
          uniq_roxanne, uniq_kirke, uniq_agnes
D:15:     hangedman_depths_entry_civil_slaughter, layout_basic,
          nicolae_dithmenos_the_darkroom, gauntlet_entry_generic, uniq_louise
Lair:1:   layout_gridlike, grunt_forest_small_clearing_treed, uniq_gastronok,
          uniq_maggie
Lair:2:   layout_chaotic_city, grunt_megastairs_4, uniq_fannar
Lair:3:   layout_hall_layers, minmay_snake_entry_spellcaster, serial_forest,
          infiniplex_forest_clump_large, infiniplex_forest_clump_diagonal,
          infiniplex_forest_clump_cross, infiniplex_forest_clump_diagonal,
          infiniplex_forest_clump_curved, infiniplex_forest_clump_tiny,
          infiniplex_forest_end_2, wad_woods_06
Lair:4:   layout_loops_ring, minmay_swamp_entry_eels, basic_altar, special_room
          [special_room_bee], minivault_26, minmay_lair_oklob_bushes
Swamp:1:  layout_basic_swamp, evilmike_swamp_ruin_rubble_1, swamp_pool4,
          nicolae_swamp_bunyip_nook
Snake:1:  cheibrodos_snake_ritualist_ritual, layout_chambers, serial_bayou,
          serial_bayou_lake_a, serial_bayou_shore_b, serial_bayou_pond_b,
          serial_bayou_ford_a, serial_shops, nicolae_shop_waterfront,
          nicolae_snake_naga_rites
Orc:1:    layout_diamond_mine, trog_butcher_becter
Depths:1: layout_small_grid, enter_ziggurat_f, pf_hell_entry_tar_spiral,
          serial_sigils, serial_sigils_hangedman_snap,
          serial_sigils_hangedman_stare, serial_sigils_hangedman_confine,
          serial_sigils_hangedman_carve, serial_sigils_hangedman_shear,
          serial_sigils_hangedman_writhe, water_boxes_lemuel

Skill      XL: |  1  2  3  4  5  6  7  8  9 10 11 12 13 14 |
---------------+-------------------------------------------+-----
Fighting       | 4 5 6 7 8 9 10 11 12 13 | 13.0
Polearms       | 4 5 6 |  6.6
Armour         | 3 4 5 6 7 9 10 11 12 | 12.5
Stealth        | 1 2 |  2.5
Throwing       | 2 |  2.5
Bows           | 1 4 5 8 9 10 11 | 11.5
Dodging        | 3 4 5 |  5.4
Maces & Flails | 1 2 3 4 |  4.6
Short Blades   | 3 |  3.2
Long Blades    | 4 8 10 13 15 | 15.9
Shields        | 1 2 4 7 8 |  8.1
Staves         | 3 8 |  8.9
Slings         | |  0.3
Evocations     | |  0.1

Action                   |  1- 3 |  4- 6 |  7- 9 | 10-12 | 13-15 || total
-------------------------+-------+-------+-------+-------+-------++-------
Melee: Spear             |   102 |   131 |       |       |       ||   233
       Headbutt          |    10 |    15 |    43 |    84 |   142 ||   294
       Mace              |       |    17 |    77 |     3 |       ||    97
       Short sword       |       |       |    42 |       |       ||    42
       Great sword       |       |       |    40 |   169 |       ||   209
       Trident           |       |       |     6 |       |       ||     6
       Shortbow          |       |       |     1 |       |       ||     1
       Falchion          |       |       |       |     6 |    37 ||    43
       Eveningstar       |       |       |       |    30 |       ||    30
       Demon blade       |       |       |       |    32 |    90 ||   122
       Lajatang          |       |       |       |       |   300 ||   300
       Scythe            |       |       |       |       |    26 ||    26
 Fire: Shortbow          |       |     7 |   238 |   222 |       ||   467
       Hunting sling     |       |     5 |       |       |       ||     5
       Longbow           |       |       |       |    30 |    88 ||   118
Throw: Dart              |     1 |    25 |    64 |     6 |       ||    96
       Boomerang         |       |       |    17 |    29 |   135 ||   181
       Javelin           |       |       |       |    22 |     2 ||    24
       Throwing net      |       |       |       |     2 |       ||     2
Invok: Berserk           |       |     1 |     5 |    11 |    16 ||    33
       Trog's Hand       |       |       |     1 |       |       ||     1
       Brothers in Arms  |       |       |       |     4 |     3 ||     7
Evoke: Wand              |       |       |     3 |     3 |     6 ||    12
       Lightning rod     |       |       |       |       |     2 ||     2
       Condenser vane    |       |       |       |       |     1 ||     1
  Use: Scroll            |       |       |    13 |    10 |     8 ||    31
       Potion            |       |       |     4 |     1 |     7 ||    12
Armor: Ring mail         |    24 |    40 |    98 |    37 |       ||   199
       Crystal plate arm |       |       |       |   144 |   452 ||   596
Dodge: Dodged            |    36 |    65 |   156 |   161 |   332 ||   750
Block: Other             |       |       |    16 |    59 |    99 ||   174
       Kite shield       |       |       |       |    51 |   125 ||   176
       Reflection        |       |       |       |    25 |    11 ||    36
       Rpst.: Great sword |       |       |     9 |    30 |       ||    39
       Falchion          |       |       |       |     2 |     2 ||     4
       Demon blade       |       |       |       |     2 |     7 ||     9
